 Dungeon Crawl Stone Soup version 0.22.1-6-g1668fe2 (webtiles) character file.

220 redwoodhats the Charmwright (level 6, 0/39 HPs)
             Began as a Halfling Skald on Jan 28, 2019.
             Slain by a hobgoblin (1 damage)
             ... on level 3 of the Dungeon.
             The game lasted 00:11:35 (2106 turns).

redwoodhats the Charmwright (Halfling Skald)        Turns: 2106, Time: 00:11:35

Health: 0/39       AC:  3    Str: 12 (13) XL:     6   Next: 18%
Magic:  9/9        EV: 15    Int: 11 (12) God:
Gold:   83         SH:  0    Dex: 14      Spells: 2/9 levels left

rFire    + . .     SeeInvis .   a - +0 mace
rCold    . . .     Gourm    .   (shield restricted)
rNeg     . . .     Faith    .   b - +0 leather armour
rPois    .         Spirit   .   (no helmet)
rElec    .         Reflect  .   (no cloak)
rCorr    .         Harm     .   (no gloves)
MR       .....                  (no boots)
Stlth    +.........             h - amulet of rage
HPRegen  0.13/turn              f - ring of protection from fire
MPRegen  0.11/turn              (no ring)

@: no status effects
A: small, mutation resistance 1
a: Evoke Berserk Rage


You were on level 3 of the Dungeon.
You were hungry.

You visited 1 branch of the dungeon, and saw 3 of its levels.

You collected 83 gold pieces.

Inventory:

Hand Weapons
 a - a +0 mace (weapon)
 k - a +0 dagger
 l - a +0 hunting sling
Missiles
 m - 25 stones (quivered)
Armour
 b - a +0 leather armour (worn)
 c - a +0 ring mail
 g - a -1 plate armour
 i - a +0 buckler
Jewellery
 f - a ring of protection from fire (left hand)
 h - an amulet of rage (around neck)
 j - a cursed +5 amulet of reflection
Comestibles
 d - 3 rations


   Skills:
 + Level 2.2 Fighting
 + Level 3.3 Maces & Flails
 + Level 2.0 Armour
 + Level 3.1 Dodging
 + Level 0.9 Stealth
 + Level 1.0 Shields
 + Level 2.0 Spellcasting
 + Level 4.1 Charms
 + Level 0.7 Evocations


You had 2 spell levels left.
You knew the following spells:

 Your Spells              Type           Power        Failure   Level  Hunger
a - Infusion              Chrm           ##..         7%          1    ##.....
b - Spectral Weapon       Hex/Chrm       #.......     43%         3    ####...
c - Regeneration          Chrm/Necr      #.........   43%         3    ####...

Your spell library contained the following spells:

 Spells                   Type           Power        Failure   Level  Hunger
 Song of Slaying          Chrm           ##......     10%         2    ###....
 Shroud of Golubria       Chrm/Tloc      #.........   24%         2    ###....


Dungeon Overview and Level Annotations

Branches:
Dungeon (3/15)

Altars:
Vehumet

Annotations:
D:3 Ijyb


Innate Abilities, Weirdness & Mutations

You are small and have problems with some larger weapons.
You are somewhat resistant to further mutation.


Message History

The kobold hits you with a dagger.
* * * LOW HITPOINT WARNING * * *
You start putting on your armour.
You continue putting on your +0 buckler.
The hobgoblin barely misses you. The hobgoblin hits you.
* * * LOW HITPOINT WARNING * * *
The goblin misses you. The kobold hits you but does no damage.
You continue putting on your +0 buckler.
The hobgoblin barely misses you. The goblin barely misses you.
The hobgoblin misses you. The kobold barely misses you.
You continue putting on your +0 buckler.
You feel less confused. The goblin hits you.
* * * LOW HITPOINT WARNING * * *
The hobgoblin barely misses you. The hobgoblin hits you.
* * * LOW HITPOINT WARNING * * *
The kobold hits you but does no damage.
You continue putting on your +0 buckler.
The hobgoblin misses you. The goblin misses you. The hobgoblin hits you.
You die...

. .. .# .. . #.#.#
... #.##.#.### ...
#!#...... #.# .......
#... #..#.#
#.#.#.###..#.##
#.........Kg.(####..#
#(....((.gg@.........
##...####.##g#####..
##. #...........
####.# ####.#####.#
......# #.# #.#
#....######.#####.#
#.................#
#...........#######
#.###.#######


You could see Ijyb, 2 hobgoblins, a goblin and a kobold.

Vanquished Creatures
  An orc warrior (D:2)
  Terence (D:2)
  A worker ant zombie (D:2)
  5 adders
  2 dart slugs (D:1)
  A leopard gecko (D:2)
  2 orcs (D:2)
  6 bats
  2 giant cockroaches
  6 goblins
  3 hobgoblins
  3 kobolds
  A ball python (D:2)
  7 frilled lizards
  9 rats
50 creatures vanquished.

Notes
Turn   | Place    | Note
-------+----------+-------------------------------------------
     0 | D:1      | redwoodhats the Halfling Skald began the quest for the Orb.
     0 | D:1      | Reached XP level 1. HP: 14/14 MP: 3/3
   143 | D:1      | Reached XP level 2. HP: 19/19 MP: 0/4
   294 | D:1      | Reached XP level 3. HP: 16/24 MP: 5/5
   889 | D:2      | Noticed an orc warrior
   901 | D:2      | Killed an orc warrior
   901 | D:2      | Reached XP level 4. HP: 11/29 MP: 1/6
   901 | D:2      | Reached XP level 5. HP: 13/34 MP: 1/7
  1465 | D:2      | Reached skill level 1 in Shields
  1465 | D:2      | Reached skill level 4 in Charms
  1474 | D:2      | Found a radiant altar of Vehumet.
  1497 | D:2      | Noticed Terence
  1506 | D:2      | Killed Terence
  1531 | D:2      | Reached XP level 6. HP: 25/39 MP: 9/9
  1551 | D:2      | Learned a level 3 spell: Spectral Weapon
  1555 | D:2      | Learned a level 3 spell: Regeneration
  2079 | D:3      | Noticed Ijyb
  2105 | D:3      | HP: 1/39 [hobgoblin (3)]
  2106 | D:3      | Slain by a hobgoblin

Skill      XL: |  1  2  3  4  5 |
---------------+----------------+-----
Maces & Flails | 2 3 |  3.3
Fighting       | 2 |  2.2
Dodging        | 3 |  3.1
Shields        | 1 |  1.0
Spellcasting   | 2 |  2.0
Charms         | 4 |  4.1
Armour         | 2 |  2.0
Stealth        | |  0.9
Evocations     | |  0.7

Action                   |  1- 3 |  4- 6 || total
-------------------------+-------+-------++-------
Melee: Mace              |    79 |    64 ||   143
       Hunting sling     |       |     2 ||     2
 Fire: Hunting sling     |       |    19 ||    19
 Cast: Infusion          |     8 |     4 ||    12
       Regeneration      |       |     1 ||     1
       Spectral Weapon   |       |     1 ||     1
 Abil: Evoke Berserk Rag |     2 |     1 ||     3
  Use: Potion            |     6 |     1 ||     7
       Scroll            |     3 |     2 ||     5
  Eat: Ration            |     1 |     1 ||     2
Armor: Leather armour    |    27 |    15 ||    42
       Ring mail         |       |     8 ||     8
Dodge: Dodged            |    65 |    94 ||   159
Block: Buckler           |    21 |     9 ||    30
